 Dungeon Crawl Stone Soup version 0.25.1-2-g60ff931df9 (webtiles) character file.

Game seed: 6091591838629463323

41346 Partarappunen the Agent of Entropy (level 13, -3/101 HPs)
             Began as a Demonspawn Abyssal Knight on Oct 15, 2020.
             Was a Priest of Lugonu.
             Slain by a two-headed ogre
             ... wielding a +0 giant club
              (10 damage)
             ... while paralysed by an orc sorcerer
             ... on level 1 of the Orcish Mines.
             The game lasted 01:07:59 (23957 turns).

Partarappunen the Agent of Entropy (DsAK)          Turns: 23957, Time: 01:08:00

Health: -3/101     AC: 17    Str: 26    XL:     13   Next: 79%
Magic:  18/25      EV:  2    Int: 15    God:    Lugonu [***...]
Gold:   1620       SH:  0    Dex: 19    Spells: 17/19 levels left

rFire    . . .     SeeInvis +   N - +1 scimitar (elec)
rCold    . . .     Gourm    .   (no shield)
rNeg     . . .     Faith    .   D - +1 chain mail
rPois    .         Spirit   .   (helmet restricted)
rElec    .         Reflect  .   i - scarf {+Inv}
rCorr    .         Harm     .   o - +1 pair of gloves {Str+3}
MR       +....                  (no boots)
Stlth    ..........             (no amulet)
HPRegen  0.26/turn              g - ring of the Lobster {*Contam rF- MR+ Dex+7 SInv}
MPRegen  0.19/turn              R - +6 ring of strength

@: paralysed, marked, lightly drained
A: horns 2, thin metallic scales 2, fire resistance 1, powered by death 1, spiny
1
a: Depart the Abyss, Bend Space, Banish, Renounce Religion, Evoke Invisibility


You were on level 1 of the Orcish Mines.
You worshipped Lugonu.
Lugonu was most pleased with you.
You were near starving.

You visited 3 branches of the dungeon, and saw 17 of its levels.
You visited the Abyss 1 time.

You collected 1620 gold pieces.

Inventory:

Hand Weapons
 M - a +3 long sword
 N - a +1 scimitar of electrocution (weapon)
Missiles
 q - 3 throwing nets (quivered)
Armour
 b - a +0 plate armour
 i - a scarf of invisibility (worn)
 o - a +1 pair of gloves of strength (worn)
 y - the +6 tower shield of the Thinker {rPois rF+ Str-5 Stlth+}
   (You found it on level 4 of the Dungeon)

   It affects your strength (-5).
   It protects you from fire.
   It protects you from poison.
   It makes you more stealthy.
 D - a +1 chain mail (worn)
Jewellery
 g - the ring of the Lobster (left hand) {*Contam rF- MR+ Dex+7 SInv}
   (You found it on level 2 of the Abyss)

   [ring of protection from magic]

   It affects your dexterity (+7).
   It makes you vulnerable to fire.
   It affects your resistance to hostile enchantments.
   It lets you see invisible.
   It causes magical contamination when unequipped.
 n - an uncursed amulet of the acrobat {unknown}
 p - an uncursed amulet of regeneration {unknown}
 B - an uncursed amulet of faith
 G - an uncursed amulet of magic regeneration
 H - an uncursed ring of resist corrosion
 J - an uncursed amulet of regeneration {unknown}
 R - a +6 ring of strength (right hand)
Wands
 a - a wand of polymorph (13)
 f - a wand of paralysis (39)
 l - a wand of enslavement (12)
 s - a wand of clouds (9)
 v - a wand of acid (8)
 P - a wand of disintegration (11)
Scrolls
 d - 2 scrolls of identify
 k - 2 scrolls of immolation
 r - 4 scrolls of teleportation
 u - 15 scrolls of remove curse
 x - a scroll of acquirement {unknown}
 z - 5 scrolls of fog
 A - 3 scrolls of fear
 E - 2 scrolls of blinking
Potions
 e - 3 potions of lignification {unknown}
 h - 4 potions of heal wounds
 j - 6 potions of curing {unknown}
 m - a potion of mutation {unknown}
 t - 3 potions of degeneration {unknown}
 w - a potion of flight {unknown}
 C - 4 potions of might {unknown}
 F - a potion of brilliance {unknown}
 I - 4 potions of haste
 K - 3 potions of cancellation {unknown}
 L - a potion of invisibility
Miscellaneous
 Q - a phantom mirror
Comestibles
 c - 15 rations


   Skills:
 + Level 9.3(8.6) Fighting
 + Level 11.3(10.6) Long Blades
 + Level 10.3(9.6) Armour
 - Level 1.4(0.9) Dodging
 - Level 0.5(0.0) Stealth
 - Level 4.9(4.3) Shields
 * Level 3.6(3.0) Spellcasting
 * Level 3.5(3.0) Translocations
 * Level 16.5(15.7) Invocations


You had 17 spell levels left.
You knew the following spells:

 Your Spells              Type           Power        Failure   Level  Hunger
a - Blink                 Tloc           N/A          38%         2    ##.....

Your spell library contained the following spells:

 Spells                   Type           Power        Failure   Level  Hunger
 Apportation              Tloc           ##....       28%         1    #......
 Shroud of Golubria       Chrm/Tloc      #.....       61%         2    ##.....
 Gell's Gravitas          Tloc           ##........   63%         3    ###....
 Lesser Beckoning         Tloc           ##........   63%         3    ###....
 Teleport Other           Tloc           ##......     63%         3    ###....
 Animate Skeleton         Necr           N/A          67%         1    #......
 Beastly Appendage        Tmut           #.....       67%         1    #......
 Corona                   Hex            #......      67%         1    #......
 Freeze                   Ice            #...         67%         1    #......
 Magic Dart               Conj           #...         67%         1    #......
 Summon Small Mammal      Summ           #...         67%         1    #......
 Call Imp                 Summ           #.......     82%         2    ##.....
 Slow                     Hex            #.......     82%         2    ##.....
 Sticks to Snakes         Tmut           #.......     82%         2    ##.....
 Passage of Golubria      Tloc           N/A          95%         4    #####..
 Conjure Flame            Conj/Fire      #.......     96%         3    ###....
 Frozen Ramparts          Ice            #.....       96%         3    ###....
 Mephitic Cloud           Conj/Pois/Air  #.......     96%         3    ###....
 Ozocubu's Armour         Chrm/Ice       #.......     96%         3    ###....
 Spider Form              Tmut/Pois      #.........   96%         3    ###....
 Hailstorm                Conj/Ice       #.......     100%        4    #####..
 Ice Form                 Ice/Tmut       #.......     100%        4    #####..
 Leda's Liquefaction      Hex/Erth       #.........   100%        4    #####..
 Summon Ice Beast         Ice/Summ       #.......     100%        4    #####..
 Blade Hands              Tmut           #.........   100%        5    ######.
 Bolt of Magma            Conj/Fire/Erth #.........   100%        5    ######.
 Iron Shot                Conj/Erth      #.........   100%        6    #######
 Statue Form              Tmut/Erth      #........    100%        6    #######
 Shatter                  Erth           #.........   100%        9    #######


Dungeon Overview and Level Annotations

Branches:
Dungeon (10/15)            Temple (0/1) D:7            Lair (6/6) D:9
 Shoals (0/4) Lair:4        Snake (0/4) Lair:3        Slime (0/5) Lair:6
    Orc (1/2) D:9

Altars:
Cheibriados
Elyvilon
Fedhas
Hepliaklqana
Trog
Vehumet
Xom

Annotations:
Lair:6 3 runed translucent doors, patan's ghost, journeyman TrMo
Abyss:1 Crazy Yiuf; Grinder; Harold; Pikel; Sonja


Innate Abilities, Weirdness & Mutations

You have a pair of horns on your head.
You are mostly covered in thin metallic scales. (AC +3)
Your flesh is heat resistant. (rF+)
You regenerate a little health from kills.
You are partially covered in sharp spines.


Message History

Lugonu claims a new guest.
You are near starving!
You can no longer corrupt the fabric of space.
The orc sorcerer points at you and mumbles some strange words.
You suddenly lose the ability to move!
The two-headed ogre hits you but does no damage. x2
The orc sorcerer points at you and mumbles some strange words.
The bolt of negative energy hits you!!
You feel drained.
* * * LOW HITPOINT WARNING * * *
The two-headed ogre hits you but does no damage. x2
The orc sorcerer points at you and mumbles some strange words.
The bolt of fire hits you!
* * * LOW HITPOINT WARNING * * *
The two-headed ogre is struck by your spines.
The two-headed ogre hits you with a +0 giant club!
* * * LOW HITPOINT WARNING * * *
The two-headed ogre hits you with a +0 dire flail.
* * * LOW HITPOINT WARNING * * *
The two-headed ogre hits you with a +0 giant club!
You die...

........###.#..
...........#.....
##........<........
............#......
...................
.#........(........
................#..
#.............#.#.
##......@.........
#......O..........
.....ยงยง.o$........
#.........>.......
.#................
##.............
#.......$.....#
......#.......##
.....#.#.......


You could see a two-headed ogre and an orc sorcerer.

Vanquished Creatures
  A great orb of eyes (D:10)
  3 death yaks
  An unseen horror (D:10)
  8 elephants
  A black mamba (Lair:5)
  A merfolk siren (Lair:4)
  9 spiny frogs
  A rime drake (Lair:1)
  4 komodo dragons
  5 hornets (Lair:6)
  5 polar bears
  2 dream sheep
  6 hippogriffs
  15 blink frogs
  12 spriggans (Lair:6)
  4 wyverns
  2 basilisks
  36 yaks
  A vampire mosquito (D:10)
  2 nagas (Lair:3)
  10 water moccasins
  4 porcupines
  3 orc warriors
  A sky beast (D:9)
  3 ogres
  4 black bears
  3 phantoms
  2 ice beasts
  3 boggarts (Lair:6)
  20 wolves
  6 centaurs
  9 crocodiles
  3 big kobolds
  19 bullfrogs
  A water moccasin zombie (D:8)
  3 scorpions
  5 killer bees (D:8)
  8 wights
  2 howler monkeys (D:6)
  A bullfrog zombie (D:8)
  2 centaur zombies
  2 crimson imps
  A quasit (D:9)
  5 hounds
  3 centaur skeletons
  3 orc priests
  6 jellies
  3 bullfrog skeletons
  2 iguanas
  9 orc wizards
  6 worker ants
  A killer bee zombie (D:10)
  A river rat (D:6)
  14 adders
  4 shadow imps
  2 adder skeletons
  2 adder zombies
  2 worms
  3 dart slugs
  6 leopard geckos
  52 orcs
  4 ball pythons
  7 giant cockroaches
  7 hobgoblins
  13 jackals
  4 quokkas
  A ball python zombie (D:5)
  5 bats
  8 frilled lizards
  11 goblins
  12 kobolds
  2 leopard gecko skeletons
  A leopard gecko zombie (D:5)
  7 rats
  A fungus (D:4)
441 creatures vanquished.

Vanquished Creatures (others)
  2 hydras
  A death knight (D:10)
  3 two-headed ogres
  A spriggan rider (Lair:6)
  A fire crab (Lair:6)
  An ugly thing (D:10)
  3 elephants
  The ghost of Amplified the Shield-Bearer, a novice DDFi (D:6)
  A rime drake (Lair:6)
  2 polar bears (Lair:2)
  A dream sheep (D:7)
  A yak (D:8)
  An orc warrior (D:5)
  4 ogres (D:7)
  A big kobold (D:7)
  9 orcs (D:9)
  A bat (D:1)
  A kobold (D:9)
  A bush (Lair:3)
  9 fungi
  3 plants
48 creatures vanquished.

Grand Total: 489 creatures vanquished

Notes
Turn   | Place    | Note
-------+----------+-------------------------------------------
     0 | Abyss:1  | Partarappunen the Demonspawn Abyssal Knight began the quest
                  | for the Orb.
     0 | Abyss:1  | Reached XP level 1. HP: 18/18 MP: 2/2
     1 | Abyss:1  | Found a corrupted altar of Lugonu.
    85 | Abyss:1  | Noticed a small abomination
   111 | Abyss:1  | Noticed a small abomination
   128 | Abyss:2  | Found a corrupted altar of Lugonu.
   132 | Abyss:2  | Got a smoking glass ring
   142 | Abyss:2  | Noticed a smoke demon
   143 | D:1      | Escaped the Abyss
   167 | D:1      | Identified the ring of the Lobster {*Contam rF- MR+ Dex+7
                  | SInv} (You found it on level 2 of the Abyss)
   217 | D:1      | Reached * piety under Lugonu
   247 | D:1      | Gained mutation: You have a pair of small horns on your
                  | head. [demonic ancestry]
   247 | D:1      | Reached XP level 2. HP: 24/24 MP: 3/3
   374 | D:1      | Reached skill level 1 in Dodging
  1143 | D:2      | Gained mutation: You are partially covered in thin metallic
                  | scales. (AC +2) [demonic ancestry]
  1143 | D:2      | Reached XP level 3. HP: 30/30 MP: 5/5
  1278 | D:2      | Reached ** piety under Lugonu
  1743 | D:3      | Gained mutation: You are mostly covered in thin metallic
                  | scales. (AC +3) [demonic ancestry]
  1743 | D:3      | Reached XP level 4. HP: 20/37 MP: 6/6
  2116 | D:3      | Found a white marble altar of Elyvilon.
  2183 | D:3      | Noticed Grinder
  2205 | D:3      | Paralysed by Grinder for 7 turns
  3043 | D:4      | Noticed an ogre
  3066 | D:5      | Entered Level 5 of the Dungeon
  3070 | D:5      | Killed an ogre
  3070 | D:5      | Reached XP level 5. HP: 35/42 MP: 7/7
  3135 | D:4      | Reached skill level 3 in Invocations
  3345 | D:4      | Got a warped tower shield
  4026 | D:4      | Found a runed translucent door.
  4027 | D:4      | Noticed Crazy Yiuf
  4372 | D:5      | Gained mutation: You are partially covered in sharp spines.
                  | [demonic ancestry]
  4372 | D:5      | Reached XP level 6. HP: 34/49 MP: 8/8
  4482 | D:5      | Identified the +6 tower shield of the Thinker {rPois rF+
                  | Str-5 Stlth+} (You found it on level 4 of the Dungeon)
  4761 | D:5      | Reached skill level 1 in Shields
  4788 | D:5      | Reached *** piety under Lugonu
  4862 | D:5      | Noticed an orc warrior
  4880 | D:5      | Banished an orc warrior
  4880 | D:5      | Reached XP level 7. HP: 20/55 MP: 9/9
  5345 | D:5      | Reached skill level 4 in Invocations
  6669 | D:3      | Banished Grinder
  6669 | D:3      | Reached skill level 5 in Long Blades
  6840 | D:4      | Banished Crazy Yiuf
  7121 | D:6      | Reached skill level 5 in Fighting
  7220 | D:6      | Reached XP level 8. HP: 55/62 MP: 11/11
  7294 | D:6      | Found a runed translucent door.
  7297 | D:6      | Noticed Amplified's ghost (novice DDFi)
  7319 | D:6      | Reached skill level 5 in Invocations
  7533 | D:6      | Found a runed translucent door.
  7584 | D:6      | Banished Amplified's ghost
  7645 | D:6      | Reached skill level 6 in Invocations
  7670 | D:6      | Found a snail-covered altar of Cheibriados.
  7670 | D:6      | Found a blossoming altar of Fedhas.
  7798 | D:6      | Reached skill level 5 in Armour
  8127 | D:7      | Found a bloodstained altar of Trog.
  8127 | D:7      | Found a radiant altar of Vehumet.
  8127 | D:7      | Found a shimmering altar of Xom.
  8206 | D:7      | Found a hazy altar of Hepliaklqana.
  8224 | D:7      | Reached skill level 7 in Invocations
  8224 | D:7      | Reached XP level 9. HP: 45/68 MP: 14/14
  9084 | D:7      | Found a staircase to the Ecumenical Temple.
  9592 | D:8      | Reached skill level 8 in Invocations
  9999 | D:8      | Reached skill level 9 in Invocations
 10228 | D:8      | Noticed a two-headed hydra
 10232 | D:8      | Banished a two-headed hydra
 10232 | D:8      | Reached XP level 10. HP: 76/76 MP: 11/17
 10856 | D:8      | Reached skill level 10 in Invocations
 11434 | D:9      | Noticed a two-headed ogre
 11435 | D:9      | Banished a two-headed ogre
 12355 | D:9      | Noticed Pikel
 12359 | D:9      | Reached **** piety under Lugonu
 12359 | D:9      | Banished Pikel
 12368 | D:9      | Reached skill level 11 in Invocations
 12535 | D:9      | Found a staircase to the Orcish Mines.
 12665 | D:9      | Found a staircase to the Lair.
 12849 | D:9      | Noticed a two-headed ogre
 12851 | D:9      | Banished a two-headed ogre
 12851 | D:9      | Gained mutation: You have a pair of horns on your head.
                  | [demonic ancestry]
 12851 | D:9      | Reached XP level 11. HP: 84/84 MP: 19/19
 12986 | D:10     | Entered Level 10 of the Dungeon
 13126 | D:10     | Noticed an unseen horror
 13140 | D:10     | Killed an unseen horror
 13471 | D:10     | Noticed a great orb of eyes
 13479 | D:10     | Noticed a death knight
 13481 | D:10     | Killed a great orb of eyes
 13525 | D:10     | Banished a death knight
 13696 | D:10     | Noticed a two-headed ogre
 13700 | D:10     | Banished a two-headed ogre
 13700 | D:10     | Reached skill level 12 in Invocations
 13805 | D:10     | Noticed a white ugly thing
 13818 | D:10     | Banished a white ugly thing
 13901 | Lair:1   | Entered Level 1 of the Lair of Beasts
 14413 | Lair:1   | Reached skill level 13 in Invocations
 14958 | Lair:2   | Noticed a six-headed hydra
 14971 | Lair:2   | Banished a six-headed hydra
 15108 | Lair:2   | Gained mutation: Your flesh is heat resistant. (rF+)
                  | [demonic ancestry]
 15108 | Lair:2   | Reached XP level 12. HP: 36/92 MP: 22/22
 15626 | Lair:2   | Noticed Sonja
 15640 | Lair:2   | Banished Sonja
 15640 | Lair:2   | Reached skill level 14 in Invocations
 16567 | Lair:3   | Noticed a death yak
 16567 | Lair:3   | Noticed a death yak
 16580 | Lair:3   | Noticed a death yak
 17100 | Lair:3   | Reached skill level 10 in Long Blades
 17115 | Lair:3   | Noticed a seven-headed hydra
 17363 | Lair:3   | Banished a seven-headed hydra
 17892 | Lair:3   | Reached skill level 15 in Invocations
 18168 | Lair:1   | Killed a death yak
 18449 | Lair:2   | Killed a death yak
 18592 | Lair:2   | Killed a death yak
 18878 | Lair:3   | Learned a level 2 spell: Blink
 18893 | Lair:3   | Found a staircase to the Snake Pit.
 19553 | Lair:3   | Gained mutation: You regenerate a little health from kills.
                  | [demonic ancestry]
 19553 | Lair:3   | Reached XP level 13. HP: 76/99 MP: 24/24
 19558 | Lair:3   | Reached skill level 1 in Spellcasting
 19631 | Lair:3   | Reached skill level 1 in Translocations
 19643 | Lair:3   | Reached skill level 16 in Invocations
 20123 | Lair:4   | Found a staircase to the Shoals.
 21142 | Lair:6   | Entered Level 6 of the Lair of Beasts
 21350 | Lair:6   | Reached skill level 10 in Armour
 22020 | Lair:6   | Found a staircase to the Slime Pits.
 22840 | Lair:6   | Found a runed translucent gate.
 22840 | Lair:6   | Found a runed translucent gate.
 22840 | Lair:6   | Found a runed translucent gate.
 22887 | Lair:6   | Noticed patan's ghost (journeyman TrMo)
 23939 | Orc:1    | Entered Level 1 of the Orcish Mines
 23945 | Orc:1    | Noticed Harold
 23950 | Orc:1    | Banished Harold
 23951 | Orc:1    | Paralysed by an orc sorcerer for 7 turns
 23957 | Orc:1    | Slain by a two-headed ogre

Illustrated notes

Levels and vault maps discovered:
D:1:      psy_arrival_dodecagon, layout_basic, lemuel_old_faithful
D:2:      layout_rooms
D:3:      layout_loops_cross, old_standard_altar, uniq_grinder
D:4:      layout_loops_corners, first_ration, uniq_crazy_yiuf_cottage
D:5:      layout_loops_corners, kennysheep_opposing_triangles
D:6:      cheibrodos_helix_gallery, layout_rooms,
          gammafunk_temple_overflow_elements, ebering_ghost_sewer_f,
          hangedman_abyss_or_decor_lesser_grid
D:7:      layout_cave_pools, gammafunk_temple_overflow_forgotten,
          minmay_temple_entry_statues_fountains, basic_altar,
          serial_column_ruins, column_ruins_corridor_straight,
          column_ruins_columns_T, column_ruins_columns_dead_end,
          column_ruins_open_tiny, column_ruins_columns_corner,
          minmay_quadrilaterals
D:8:      layout_loops_ring, hangedman_ranch [blue_anna_fruit_fields]
D:9:      layout_cave_pools, dpeg_oklobed_lair, hiddenorc1_lemuel,
          grunt_ministairs_12, uniq_pikel
D:10:     minmay_the_grid_3x3 [minmay_the_grid_fan, minmay_the_grid_tiny_cups,
          minmay_the_grid_outer_diamond, minmay_the_grid_rooms,
          minmay_the_grid_zigzag_pyramid, minmay_the_grid_medium_cups,
          minmay_the_grid_embedded, minmay_the_grid_outer_circle,
          minmay_the_grid_prize_trominoes], layout_gridville
Lair:1:   layout_misc_corridors, minivault_25
Lair:2:   layout_roguey, cheibrodos_lair_lostbears, uniq_sonja
Lair:3:   layout_misc_corridors, guppyfry_snake_entry_island
Lair:4:   layout_hall_layers, minmay_shoals_entry_lonely_mermaid,
          serial_bayou_shore_b, grunt_megastairs_5
Lair:5:   layout_loops_ring, grunt_megastairs_2
Lair:6:   minmay_lair_end_enchanted_forest, layout_concentric_octagons,
          dpeg_slime_entry_corner, ebering_ghost_rock_garden,
          lemuel_fruit_fields
Orc:1:    layout_caves, uniq_nergalle, uniq_harold, uniq_erica

Skill      XL: |  1  2  3  4  5  6  7  8  9 10 11 12 13 |
---------------+----------------------------------------+-----
Armour         | 2 3 4 5 6 7 8 9 10 | 10.3
Dodging        | 1 |  1.4
Long Blades    | 2 3 4 5 6 8 9 10 11 | 11.3
Fighting       | 4 5 6 7 8 9 |  9.3
Invocations    | 3 4 7 9 11 13 15 16 | 16.5
Shields        | 1 2 3 4 |  4.9
Spellcasting   | 3 |  3.6
Translocations | 3 |  3.5
Stealth        | |  0.5

Action                   |  1- 3 |  4- 6 |  7- 9 | 10-12 | 13-15 || total
-------------------------+-------+-------+-------+-------+-------++-------
Melee: Falchion          |    98 |   123 |   236 |       |       ||   457
       Headbutt          |    25 |    40 |    67 |   169 |    82 ||   383
       Long sword        |       |       |    13 |    38 |       ||    51
       Scimitar          |       |       |       |   476 |   239 ||   715
Invok: Depart the Abyss  |     1 |       |       |       |       ||     1
       Bend Space        |       |     1 |       |     2 |       ||     3
       Banish            |       |       |    11 |    27 |     7 ||    45
  Use: Scroll            |     3 |     3 |     4 |    16 |     2 ||    28
       Potion            |       |     1 |       |       |       ||     1
 Stab: Sleeping          |     1 |       |       |       |       ||     1
  Eat: Chunk             |     3 |     6 |     9 |    27 |    13 ||    58
       Ration            |       |     1 |     3 |     4 |       ||     8
Armor: Leather armour    |    11 |       |       |       |       ||    11
       Scale mail        |    47 |    32 |       |       |       ||    79
       Plate armour      |       |    28 |     9 |       |       ||    37
       Chain mail        |       |       |   144 |   308 |   162 ||   614
Dodge: Dodged            |    59 |    51 |    80 |   228 |    97 ||   515
Block: Tower shield      |       |     8 |       |       |       ||     8
       Rpst.: Falchion   |    23 |    16 |    18 |       |       ||    57
       Scimitar          |       |       |       |    66 |    26 ||    92
       Long sword        |       |       |       |     4 |       ||     4
